 Dungeon Crawl Stone Soup version 0.30-a0-1016-gfb0d676c02 (webtiles) character file.

Game seed: 2496019611344864283

6 ThatPearl the Chopper (level 1, 0/20 HPs)
             Began as a Hill Orc Monk on Apr 7, 2023.
             Slain by a hobgoblin (4 damage)
             ... on level 1 of the Dungeon.
             The game lasted 00:00:40 (149 turns).

ThatPearl the Chopper (Hill Orc Monk)                Turns: 149, Time: 00:00:41

Health: 0/20       AC:  3    Str: 13    XL:     1   Next: 90%
Magic:  1/1        EV: 12    Int: 10    God:
Gold:   7          SH:  5    Dex: 13    Spells: 0/0 levels left

rFire   . . .      SeeInvis .    a - +0 hand axe
rCold   . . .      Faith    .    (no shield)
rNeg    . . .      Spirit   .    b - +0 robe
rPois   .          Reflect  +    (no helmet)
rElec   .          Rampage  .    (no cloak)
rCorr   .                        e - +0 pair of gloves
Will    .....                    (no boots)
Stlth   ++                       d - amulet of reflection
HPRegen 0.23/turn                (no ring)
MPRegen 0.07/turn                (no ring)

@: no status effects
A: no striking features
a: no special abilities


You were on level 1 of the Dungeon.
You visited 1 branch of the dungeon, and saw 1 of its levels.

You collected 7 gold pieces.

Inventory:

Hand Weapons
 a - a +0 hand axe (weapon)
Armour
 b - a +0 robe (worn)
 e - a +0 pair of gloves (worn)
 f - an orb of mayhem
Jewellery
 d - an amulet of reflection (around neck)
Potions
 c - a potion of ambrosia


   Skills:
 + Level 3.8 Fighting
 * Level 4.4 Axes
 - Level 2.4 Dodging
 - Level 1.5 Stealth


You couldn't memorise any spells.
You didn't know any spells.
Your spell library was empty.

Dungeon Overview and Level Annotations

Branches:
Dungeon (1/15)

Altars:


Message History

The ball python bites you but does no damage.
The ball python constricts you. You block the hobgoblin's attack.
The goblin hits you with a +0 club.
You miss the goblin. You hit the hobgoblin but do no damage.
You hit the hobgoblin. You hit the ball python. The ball python bites you.
The ball python constricts you. The hobgoblin hits you.
The goblin hits you with a +0 club.
The hobgoblin hits you but does no damage.
The ball python closely misses you. The ball python constricts you.
You escape the ball python's grasp.
The goblin attacks as you move away! The goblin hits you with a +0 club.
The hobgoblin closely misses you. The hobgoblin attacks as you move away!
The hobgoblin barely misses you.
The ball python attacks as you move away!
The ball python bites you but does no damage.
The ball python misses you.
Found a robe.
You block the ball python's attack. x2
You barely miss the ball python.
The ball python is severely wounded.
The ball python bites you. You block the ball python's attack.
You barely miss the ball python.
The ball python is severely wounded.
The ball python bites you but does no damage.
The ball python closely misses you. x2; The ball python grabs you.
The ball python constricts you.
You hit the ball python but do no damage.
The ball python is severely wounded.
The ball python barely misses you. The ball python constricts you.
You hit the ball python but do no damage.
The ball python is severely wounded.
The ball python misses you. The ball python constricts you.
You slash the ball python!
You kill the ball python!
You closely miss the hobgoblin.
The hobgoblin is heavily wounded.
The hobgoblin hits you.
* * * LOW HITPOINT WARNING * * *
You hit the hobgoblin but do no damage.
The hobgoblin is heavily wounded.
The hobgoblin hits you.
You die...

..............## .# #
######..##....###.##.#
#..#####.##...#.#
#..#####.##.....#
#...............# ##
#...............# .#
#.######gg......# .#
######.# #g##...#.#
.###......# #@##...# #
.....####.# #.###.##
#.........# #.# ..
.##..###### #.. ..#
###...# ..[ ..# ##..#
#### ..# #..# #...
#.###


You could see 2 hobgoblins and a goblin.

Vanquished Creatures
  A hobgoblin (D:1)
  A quokka (D:1)
  3 ball pythons (D:1)
  A bat (D:1)
  A kobold (D:1)
7 creatures vanquished.

Vanquished Creatures (others)
  A plant (D:1)
1 creature vanquished.

Grand Total: 8 creatures vanquished

Notes
Turn   | Place    | Note
-------+----------+-------------------------------------------
     0 | D:1      | ThatPearl the Hill Orc Monk began the quest for the Orb.
     0 | D:1      | Reached XP level 1. HP: 19/19 MP: 1/1
   149 | D:1      | Slain by a hobgoblin

Illustrated notes

Levels and vault maps discovered:
D:1:      eino_arrival_water_cross, layout_loops_ring

Action                     || total
---------------------------++-------
  Melee: Hand axe          ||    35
   Stab: Sleeping          ||     1
 Armour: Robe              ||     6
  Dodge: Dodged            ||    28
  Block: Other             ||    10

Table legend: (Time is in decaauts)
 A = Elapsed time spent in this place.
 B = Non-inter-level travel time spent in this place.
 C = Inter-level travel time spent in this place.
 D = Time resting spent in this place.
 E = Time spent auto-exploring this place.
 F = Levels seen in this place.
 G = Mean time per level.
                   A        B        C        D        E       F      G
               +--------+--------+--------+--------+--------+-----+--------+
         Total |    151 |    151 |      0 |      0 |     65 |   1 |  151.0 |
       Dungeon |    151 |    151 |      0 |      0 |     65 |   1 |  151.0 |
               +--------+--------+--------+--------+--------+-----+--------+

Top non-repeatable levels by time:
     D:1: 151 daAuts
